 Dungeon Crawl Stone Soup version 0.28-a0-1565-g95a8017c83 (webtiles) character file.

Game seed: 4611585788963265790

387 Gildeon the Insei (level 6, -2/42 HPs)
             Began as an Octopode Transmuter on Jan 19, 2022.
             Slain by Duvessa (7 damage)
             ... on level 5 of the Dungeon.
             The game lasted 00:14:49 (4249 turns).

Gildeon the Insei (Octopode Transmuter)             Turns: 4249, Time: 00:14:49

Health: -2/42      AC:  1    Str: 11    XL:     6   Next: 78%
Magic:  18/18      EV: 18    Int: 15    God:
Gold:   30         SH:  0    Dex: 13    Spells: 3/9 levels left

rFire   . . .      SeeInvis .     - Unarmed
rCold   . . .      Faith    .   (no shield)
rNeg    . . .      Spirit   .   (helmet restricted)
rPois   .          Reflect  .   (no amulet)
rElec   .          Harm     .   d - +4 ring of evasion
rCorr   .          Rampage  .   l - ring of magical power
Will    .....                   (no ring)
Stlth   +++.......              (no ring)
HPRegen 0.14/turn               (no ring)
MPRegen 0.16/turn               (no ring)
                                (no ring)
                                (no ring)

@: no status effects
A: almost no armour, amphibious, 8 rings, camouflage 1, gelatinous body 1,
(nimble swimmer 1), tentacles
a: no special abilities


You were on level 5 of the Dungeon.
You visited 1 branch of the dungeon, and saw 5 of its levels.

You collected 166 gold pieces.
You spent 136 gold pieces at shops.

Inventory:

Jewellery
 d - a +4 ring of evasion (left tentacle)
 l - a ring of magical power (right tentacle)
Scrolls
 c - a scroll of enchant armour {unknown}
 e - 2 scrolls of magic mapping
 f - a scroll of enchant weapon {unknown}
 h - 2 scrolls of noise {unknown}
 i - a scroll of fog
 j - 3 scrolls of teleportation
 m - a scroll of brand weapon {unknown}
 n - a scroll of blinking {unknown}
Potions
 a - 2 potions of heal wounds
 b - a potion of curing
 g - a potion of cancellation {unknown}
 k - a potion of flight {unknown}


   Skills:
 + Level 3.0 Fighting
 + Level 3.4 Dodging
 + Level 4.0 Stealth
 + Level 4.2 Unarmed Combat
 - Level 2.0 Spellcasting
 + Level 3.5 Transmutations


You had 3 spell levels left.
You knew the following spells:

 Your Spells              Type           Power      Damage    Failure   Level
a - Beastly Appendage     Tmut           24%        N/A       5%          1
b - Wereblood             Tmut           12%        N/A       8%          2
c - Spider Form           Tmut/Pois      6%         N/A       32%         3

Your spell library contained the following spells:

 Spells                   Type           Power      Damage    Failure   Level
 Blink                    Tloc           2%         N/A       32%         2
 Lesser Beckoning         Tloc           1%         N/A       54%         3
 Ice Form                 Ice/Tmut       6%         N/A       71%         4
 Summon Ice Beast         Ice/Summ       1%         N/A       91%         4
 Manifold Assault         Tloc           1%         N/A       99%         5
 Summon Mana Viper        Hex/Summ       1%         N/A       99%         5
 Monstrous Menagerie      Summ           0%         N/A       100%        7


Dungeon Overview and Level Annotations

Branches:
Dungeon (5/15)
 Temple: D:4-7

Altars:

Shops:
D:2 ?

Annotations:
D:3 1 runed translucent door, r33k's ghost, weakling DgFi
D:4 1 runed translucent door, exclusions: black bear, door and goblin, Crazy Yiuf; Menkaure
D:5 exclusions: centaur, dart slug and ogre, Duvessa; Grinder


Innate Abilities, Weirdness & Mutations

You cannot wear most types of armour.
You are amphibious.
You can wear up to eight rings at the same time.
Your skin changes colour to match your surroundings (Stealth+).
Your rubbery body absorbs attacks. (AC +1, EV +1)
((You are camouflaged when in or above water. (Stealth+)))
You have tentacles for arms and can constrict up to eight enemies at once.


Message History

You tentacle-slap Dowan.
You pierce Dowan.
You kill Dowan!
You hear a distant scream of rage.
Your Fighting skill increases to level 3!
Your Stealth skill increases to level 4!
Things that are here:
a +0 dagger; a +0 robe Your tentacle spike disappears.
There is a stone staircase leading up here.
There is a stone staircase leading up here.
Okay, then.
Things that are here:
a +0 dagger; a +0 robe
There is a stone staircase leading up here.
Duvessa goes berserk!
You hear a shout!
You hear a shout!
There is a stone staircase leading up here.
You climb upwards.
Level annotation: 1 runed translucent door, exclusions: black bear, door and goblin, Crazy Yiuf; Menkaure
There is a stone staircase leading down here.
You see here a +0 short sword.
There is an open door here.
There is an open door here.
There is a stone staircase leading down here.
You climb downwards.
Level annotation: exclusions: centaur, dart slug and ogre, Duvessa; Grinder
There is a stone staircase leading up here.
You hear a shout!
You hear a shout!
Things that are here:
a +0 robe; a +0 dagger The centaur shouts!
Duvessa rages.
Duvessa hits you with a +1 short sword of flaming!!
Duvessa burns you.
Duvessa hits you with a +1 short sword of flaming!
* * * LOW HITPOINT WARNING * * *
Duvessa burns you!
You die...

### #.###
###...#
#...#@######
##.###.e..w.#
#..# ######5#
#.##
#.####### #.#
#w......#
##.#
###c....#####
#.<#
#..........
##.##
#.....#####
##.≈##
#w....##...


You could see Grinder, Duvessa (berserk) and a dart slug.

Vanquished Creatures
  2 scorpions
  Dowan (D:5)
  A bullfrog skeleton (D:5)
  2 orc priests (D:3)
  4 adders
  2 adder skeletons (D:4)
  An adder zombie (D:5)
  3 worms
  2 dart slugs (D:4)
  4 orcs
  3 bats
  7 endoplasms
  5 giant cockroaches
  8 hobgoblins
  4 jackals (D:1)
  A quokka (D:1)
  6 ball pythons
  3 frilled lizards
  7 goblins
  7 kobolds
  4 rats
77 creatures vanquished.

Notes
Turn   | Place    | Note
-------+----------+-------------------------------------------
     0 | D:1      | Gildeon the Octopode Transmuter began the quest for the
                  | Orb.
     0 | D:1      | Reached XP level 1. HP: 13/13 MP: 3/3
   135 | D:1      | Reached XP level 2. HP: 17/18 MP: 3/5
   147 | D:1      | Learned a level 2 spell: Wereblood
   188 | D:1      | Reached skill level 1 in Stealth
   520 | D:1      | Reached XP level 3. HP: 19/23 MP: 4/6
   524 | D:1      | Learned a level 3 spell: Spider Form
   898 | D:1      | Found a faded altar of an unknown god.
  1061 | D:2      | Found Mytur's Magic Scroll Emporium.
  1071 | D:2      | Bought a scroll of identify for 26 gold pieces
  1249 | D:2      | Bought a scroll of fog for 26 gold pieces
  1582 | D:3      | Found a runed translucent door.
  1586 | D:3      | Noticed r33k's ghost (weakling DgFi)
  1586 | D:3      | Noticed a centaur
  1826 | D:3      | Reached XP level 4. HP: 28/29 MP: 7/7
  1986 | D:3      | Reached XP level 5. HP: 20/34 MP: 6/8
  2721 | D:2      | Bought a scroll of teleportation for 39 gold pieces
  2721 | D:2      | Bought a scroll of magic mapping for 45 gold pieces
  2959 | D:4      | Noticed Menkaure
  2986 | D:4      | Found a runed translucent door.
  2987 | D:4      | Noticed Crazy Yiuf
  3362 | D:4      | Reached XP level 6. HP: 30/41 MP: 9/9
  3682 | D:4      | Noticed a black bear
  3697 | D:5      | Entered Level 5 of the Dungeon
  4022 | D:5      | Noticed Grinder
  4023 | D:5      | Noticed Duvessa
  4023 | D:5      | Noticed Dowan
  4159 | D:5      | Killed Dowan
  4249 | D:5      | Slain by Duvessa

Illustrated notes

Levels and vault maps discovered:
D:1:      ncdulo_halloftheorcs, layout_basic,
          shapermc_ecumenical_altar_hornbeckon
D:2:      layout_loops_cross, serial_shops, nicolae_diamond_shop,
          kennysheep_generic_room_12
D:3:      layout_loops_corners, ebering_ghost_inner_flame
D:4:      layout_basic, uniq_ijyb, uniq_menkaure, uniq_crazy_yiuf_cottage
D:5:      layout_rooms, mainiacjoe_overflow_surrounded_room,
          minmay_temple_entry_sparse_star, serial_shops, kennysheep_little_box,
          serial_bayou_ford_a, uniq_duvessa, uniq_prince_ribbit1, uniq_grinder

Skill      XL: |  1  2  3  4  5  6 |
---------------+-------------------+-----
Stealth        | 1 2 3 4 |  4.0
Fighting       | 2 3 |  3.0
Transmutations | 3 |  3.5
Dodging        | 3 |  3.4
Unarmed Combat | 4 |  4.2
Spellcasting   | |  2.0

Action                   |  1- 3 |  4- 6 || total
-------------------------+-------+-------++-------
Melee: Unarmed           |    83 |    92 ||   175
       Kick              |    16 |    21 ||    37
       Constrict         |    24 |    27 ||    51
       Tentacles         |    15 |    20 ||    35
       Punch             |     4 |     4 ||     8
 Cast: Beastly Appendage |    17 |    10 ||    27
  Use: Scroll            |     2 |       ||     2
 Stab: Sleeping          |    10 |     8 ||    18
Armor: Skin              |     7 |     5 ||    12
Dodge: Dodged            |    51 |    62 ||   113

Table legend: (Time is in decaauts)
 A = Elapsed time spent in this place.
 B = Non-inter-level travel time spent in this place.
 C = Inter-level travel time spent in this place.
 D = Time resting spent in this place.
 E = Time spent auto-exploring this place.
 F = Levels seen in this place.
 G = Mean time per level.
                   A        B        C        D        E       F      G
               +--------+--------+--------+--------+--------+-----+--------+
         Total |   4238 |   4060 |    178 |    235 |   3123 |   5 |  847.6 |
       Dungeon |   4238 |   4060 |    178 |    235 |   3123 |   5 |  847.6 |
               +--------+--------+--------+--------+--------+-----+--------+

Top non-repeatable levels by time:
     D:3: 1149 daAuts
     D:4: 1084 daAuts
     D:1: 981 daAuts
     D:2: 605 daAuts
     D:5: 417 daAuts
